Map: Backwater LE

Players

Kelazhur

  • Race: Terran Terran
  • Spawn Location: 11:00

Lambo - Winner!

  • Race: Zerg Zerg
  • Spawn Location: 5:00

Event: WESG 2017 Haikou

VOD

Have the link to the VOD?

Description

Time

  • Played on: March 14, 2018, 6:42 a.m.
  • Length: 7:59

All games in this series

Show
View Real Time Build Order
Export as new Build Order

Kelazhur Terran 

Build Orders: Cyclone Opening, Gas First Reaper Expand, Reaper Expand 

Get SALT Encoding   

  12  0:00  SCV  
  13  0:12  SCV  
  14  0:18  Supply Depot  
  14  0:25  SCV  
  15  0:29  Refinery  
  15  0:39  SCV  
  16  0:46  Barracks  
  16  0:51  SCV  
  17  1:03  SCV  
  18  1:15  SCV  
  19  1:33  Orbital Command, Reaper  
  20  1:44  Command Center  
  20  1:53  Refinery  
  20  1:59  Factory  
  20  2:03  SCV  
  20  2:06  Barracks Reactor  
  21  2:15  SCV  
  22  2:19  Supply Depot  
  22  2:27  SCV  
  23  2:41  SCV  
  24  2:48  Cyclone  
  24  2:49  Cyclone  
  24  2:50  Marine  
  31  2:55  SCV  
  31  2:56  Orbital Command  
  32  3:07  SCV  
  32  3:08  Armory  
  32  3:12  Marine  
  34  3:19  SCV  
  35  3:21  Hellion  
  35  3:24  Hellion  
  39  3:27  SCV  
  39  3:32  SCV  
  41  3:36  Marine  
  41  3:37  Supply Depot  
  42  3:46  Hellion  
  46  3:50  Hellion  
  46  3:57  Terran Vehicle Weapons Level 1  
  46  3:59  SCV x2  
  48  4:08  Hellion  
  50  4:11  SCV x2, Hellion  
  49  4:23  SCV x2  
  41  4:26  Supply Depot  
  43  4:32  Cyclone x2  
  43  4:33  Marine  
  43  4:35  SCV x2  
  49  4:47  SCV  
  49  4:48  SCV, Supply Depot  
  49  4:52  Command Center  
  51  4:59  SCV  
  52  5:02  SCV  
  52  5:04  Hellion  
  52  5:05  Hellion  
  57  5:10  Supply Depot  
  57  5:11  SCV  
  57  5:14  SCV  
  59  5:15  Barracks Tech Lab  
  59  5:18  Supply Depot  
  59  5:23  SCV  
  59  5:26  SCV  
  61  5:29  Hellion x2, Engineering Bay x2  
  61  5:32  Barracks  
  61  5:35  Marine  
  65  5:36  SCV  
  67  5:46  SCV  
  67  5:49  SCV  
  52  5:58  SCV  
  52  5:59  Terran Infantry Weapons Level 1, Terran Infantry Armor Level 1  
  52  6:01  Refinery  
  52  6:02  Refinery  
  52  6:06  Bunker, Marine x2, Siege Tank  
  52  6:09  SCV  
  52  6:10  Barracks  
  57  6:11  Orbital Command, Barracks  
  57  6:13  SCV  
  58  6:20  Marine  
  58  6:22  Bunker  
  58  6:24  Marine  
  59  6:26  Marine  
  60  6:34  SCV x2  
  60  6:36  Supply Depot  
  60  6:37  Marine  
  63  6:41  Marine  
  63  6:42  Siege Tank  
  63  6:44  Marine  
  63  6:46  SCV  
  64  6:55  Marine  
  64  6:58  Marine  
  64  6:59  Marine  
  64  7:00  Marine  
  58  7:02  Marine  
  47  7:13  Marine  
  47  7:15  Siege Tank  
  46  7:16  Marine  
  46  7:17  Marine  
  46  7:18  Marine  
  46  7:19  Orbital Command  
  46  7:20  Marine  
  42  7:31  Marine  
  42  7:34  Marine  
  42  7:35  Marine  
  42  7:36  Marine  
  44  7:38  Marine  
Show
View Real Time Build Order
Export as new Build Order

Lambo Zerg - Winner!

Build Orders: Hatch First 

Get SALT Encoding   

  12  0:00  Drone  
  13  0:12  Overlord  
  13  0:17  Drone  
  14  0:30  Drone  
  14  0:31  Drone  
  16  0:48  Hatchery  
  15  0:51  Drone  
  15  0:55  Drone  
  17  0:58  Drone  
  18  1:08  Extractor  
  17  1:13  Spawning Pool  
  17  1:17  Drone  
  17  1:20  Drone  
  18  1:28  Drone  
  19  1:40  Overlord  
  19  1:50  Drone  
  20  2:00  Queen x2  
  20  2:01  Zergling x4  
  26  2:08  Metabolic Boost  
  26  2:10  Drone  
  26  2:12  Drone  
  28  2:21  Drone  
  29  2:24  Drone  
  30  2:40  Hatchery  
  29  2:46  Drone  
  29  2:48  Drone  
  31  2:52  Overlord  
  31  2:55  Drone  
  32  3:00  Drone x2  
  32  3:04  Drone  
  35  3:08  Drone  
  35  3:12  Drone x2  
  38  3:15  Queen  
  40  3:24  Drone  
  40  3:25  Overlord  
  40  3:26  Drone x2  
  43  3:32  Spine Crawler  
  42  3:36  Overlord  
  42  3:42  Queen  
  42  3:45  Overlord  
  44  3:53  Zergling x12  
  44  3:55  Zergling x6  
  52  4:03  Roach Warren  
  52  4:06  Zergling x6  
  53  4:17  Zergling x2  
  53  4:18  Drone x2  
  55  4:25  Drone  
  55  4:27  Drone x2  
  55  4:28  Drone x3  
  55  4:29  Lair  
  58  4:32  Extractor x2  
  58  4:35  Evolution Chamber  
  58  4:36  Drone  
  55  4:43  Roach x2  
  58  4:47  Roach  
  58  4:51  Roach x2  
  64  4:59  Overlord  
  64  5:00  Overlord  
  64  5:01  Overlord  
  64  5:03  Overlord  
  64  5:04  Zerg Missile Weapons Level 1, Roach  
  64  5:05  Overlord  
  64  5:06  Overlord  
  65  5:17  Roach  
  65  5:18  Roach x3  
  74  5:21  Drone  
  74  5:22  Roach  
  74  5:26  Roach, Glial Reconstitution  
  78  5:29  Overseer  
  78  5:32  Roach  
  80  5:37  Roach  
  80  5:38  Zergling x4  
  80  5:39  Zergling x2  
  80  5:42  Roach  
  87  5:45  Roach, Zergling x2  
  87  5:49  Roach  
  86  5:52  Roach  
  86  5:53  Roach  
  86  5:56  Roach  
  88  6:01  Roach x2  
  93  6:04  Roach  
  93  6:08  Roach, Zergling x2  
  96  6:12  Zergling x6  
  96  6:17  Zergling x6  
  102  6:19  Ravager  
  102  6:25  Zergling x10  
  106  6:27  Ravager  
  106  6:29  Zergling x2  
  106  6:31  Overlord  
  110  6:33  Zergling x2  
  110  6:34  Ravager  
  112  6:42  Zergling x4  
  113  6:50  Zergling x10  
  113  6:52  Ravager  
  117  6:54  Zergling x8  
  117  7:00  Roach x2, Zergling x2  
  115  7:07  Zergling x6  
  102  7:09  Zergling x4  
  102  7:13  Roach, Zergling x4  
  104  7:15  Zergling x2  
  104  7:21  Ravager x2  
  104  7:22  Drone x3  
  109  7:27  Drone x2  
  115  7:30  Roach x2  
  115  7:32  Drone  
  113  7:38  Roach x2, Zergling x2  
Tags
 
Add a new tag
Caveats
  • Supply blocks, unpowered buildings, or Contaminate may cause inaccurate times.
  • Supply counts are checked every 10 seconds.